Map: Pillars of Gold LE

Players

MeronG

  • Race: Terran Terran
  • League: Diamond
  • Spawn Location: 7:00

Ashiro - Winner!

  • Race: Zerg Zerg
  • League: Master
  • Spawn Location: 1:00

VOD

Have the link to the VOD?

Description

Time

  • Played on: Oct. 27, 2020, 12:30 p.m.
  • Length: 17:14
Show
View Real Time Build Order
Export as new Build Order

MeronG Terran 

Build Orders: Reaper Expand 

Get SALT Encoding   

  12  0:00  SCV  
  13  0:12  SCV  
  14  0:18  Supply Depot  
  14  0:24  SCV  
  15  0:39  SCV  
  15  0:41  Barracks  
  16  0:45  Refinery  
  16  0:51  SCV  
  17  1:03  SCV  
  18  1:15  SCV  
  19  1:28  Orbital Command  
  19  1:29  Reaper  
  20  1:45  Command Center  
  20  1:54  SCV  
  20  2:00  Barracks  
  21  2:04  Barracks Reactor  
  21  2:06  SCV  
  22  2:16  Supply Depot  
  22  2:20  Refinery, SCV  
  23  2:34  Factory  
  23  2:38  SCV  
  24  2:48  Barracks Tech Lab  
  24  2:49  Marine x2  
  24  2:50  SCV  
  27  2:58  Orbital Command  
  27  3:02  SCV  
  28  3:10  Marine x2  
  30  3:14  Marine, SCV  
  32  3:21  Starport  
  32  3:26  Stimpack, SCV  
  33  3:32  Marine x2  
  33  3:34  SCV  
  36  3:38  SCV  
  37  3:46  SCV  
  37  3:49  Marine x2  
  37  3:50  Factory Reactor, Supply Depot  
  37  3:52  SCV  
  40  3:58  SCV  
  41  4:02  Marine  
  41  4:03  Supply Depot  
  41  4:04  SCV  
  41  4:07  Marine  
  44  4:10  SCV  
  44  4:17  SCV  
  46  4:20  Barracks  
  46  4:22  SCV  
  47  4:29  SCV  
  48  4:31  Marine x2  
  48  4:32  Marine  
  48  4:33  Medivac x2, Factory Tech Lab  
  48  4:34  SCV  
  56  4:41  Supply Depot, SCV  
  57  4:45  Supply Depot  
  57  4:46  SCV  
  57  4:48  Refinery  
  57  4:49  Marine  
  59  4:53  SCV  
  59  4:57  Refinery  
  59  4:58  SCV  
  61  5:00  Supply Depot  
  61  5:02  Siege Tank  
  61  5:05  Combat Shield  
  64  5:09  SCV  
  65  5:20  SCV  
  66  5:21  SCV  
  66  5:24  Engineering Bay  
  67  5:29  Command Center  
  67  5:30  Marine x3, Barracks Reactor  
  67  5:32  SCV  
  67  5:33  SCV  
  72  5:37  Medivac  
  72  5:38  Medivac  
  76  5:46  Siege Tank  
  76  5:48  Marine x2  
  76  5:49  Marine  
  75  6:04  Terran Infantry Weapons Level 1  
  75  6:06  Marine x2, Medivac, SCV  
  75  6:07  Marine x3  
  75  6:08  SCV  
  83  6:18  SCV  
  81  6:20  Barracks  
  81  6:21  Barracks  
  81  6:23  Marine  
  81  6:24  Marine x4  
  84  6:29  SCV  
  84  6:30  SCV  
  86  6:37  Supply Depot  
  86  6:41  Marine x2, Siege Tank, SCV  
  86  6:42  SCV  
  93  6:48  Marine  
  93  6:49  Marine x2  
  93  6:53  SCV  
  97  6:54  SCV  
  97  6:56  Engineering Bay  
  97  7:00  Marine  
  99  7:09  Marine x2  
  99  7:11  Barracks Tech Lab  
  99  7:12  Barracks Tech Lab  
  99  7:15  SCV x2  
  104  7:17  Marine, Marauder  
  104  7:18  Marine  
  108  7:24  Orbital Command  
  108  7:27  Marine x2  
  96  7:31  Marine  
  96  7:32  Marauder  
  96  7:35  Marine  
  96  7:39  Marauder  
  96  7:42  Marine  
  88  7:51  Marine  
  88  7:52  SCV  
  88  7:53  Marine, SCV  
  88  7:54  Marauder  
  88  7:55  Marauder  
  76  8:00  Marine, Marauder  
  65  8:09  Marine  
  65  8:14  Marine  
  65  8:15  Marine  
  65  8:16  Marauder  
  62  8:21  Marauder  
  60  8:27  Marine  
  60  8:33  Marine  
  56  8:36  Marine  
  56  8:37  Marauder  
  56  8:38  SCV  
  60  8:42  Orbital Command  
  60  8:43  Marauder  
  60  8:45  Marine x2  
  59  8:50  SCV  
  59  8:51  Marauder  
  61  9:00  Marine, Medivac  
  64  9:07  Marine  
  64  9:08  Marauder  
  67  9:14  Medivac  
  66  9:27  Marine  
  66  9:28  Marine, Marauder  
  68  9:40  Supply Depot  
  67  9:53  Supply Depot, SCV  
  68  10:01  Marine, Marauder  
  68  10:04  SCV  
  68  10:06  SCV  
  73  10:12  SCV  
  74  10:17  Marauder  
  76  10:25  Marine  
  76  10:32  Marauder  
  77  10:43  Engineering Bay  
  77  10:45  Supply Depot  
  71  10:57  Marine, Marauder  
  71  10:59  Marine  
  71  11:00  Marauder  
  71  11:04  Medivac  
  69  11:11  Marine, Orbital Command  
  69  11:13  Marauder  
  54  11:19  Marauder  
  54  11:24  Marauder  
  22  12:19  Orbital Command  
  22  12:26  Orbital Command  
  21  12:43  Marine x4  
  21  13:01  Marine x2  
  21  13:03  Marine x2  
  23  13:19  Marine x2, SCV  
  26  13:30  Marine x2  
  26  13:32  Orbital Command  
  28  13:36  Marine  
  28  13:37  Marine  
  30  13:52  Supply Depot  
  30  14:13  Marine x4  
  30  14:14  Supply Depot  
  34  14:30  SCV  
  35  14:31  Marine x4  
  38  14:49  Marine x4  
  42  15:07  Marine  
  32  15:22  Orbital Command  
  24  16:11  Marine x2  
Show
View Real Time Build Order
Export as new Build Order

Ashiro Zerg - Winner!

Build Orders: Hatch First 

Get SALT Encoding   

  12  0:00  Drone  
  13  0:15  Overlord  
  13  0:18  Drone  
  14  0:33  Drone  
  14  0:34  Drone  
  16  0:51  Hatchery  
  16  0:54  Drone  
  16  0:57  Drone  
  17  1:01  Drone  
  18  1:10  Extractor  
  17  1:17  Spawning Pool  
  16  1:19  Drone  
  16  1:23  Drone  
  18  1:31  Drone  
  19  1:42  Overlord  
  19  1:52  Drone  
  20  2:03  Queen x2  
  20  2:04  Zergling x4  
  26  2:14  Metabolic Boost  
  26  2:20  Drone x2  
  28  2:31  Drone x2  
  29  2:37  Drone x2  
  31  2:45  Queen  
  31  2:46  Overlord  
  31  2:48  Drone  
  34  3:03  Drone, Hatchery  
  34  3:06  Drone  
  34  3:09  Drone x2  
  37  3:14  Drone x2  
  37  3:17  Overlord  
  39  3:20  Drone  
  40  3:27  Drone, Roach Warren  
  40  3:32  Drone x2  
  42  3:38  Drone  
  42  3:39  Drone x2  
  45  3:49  Overlord  
  45  3:51  Drone  
  45  3:52  Drone x2  
  48  3:56  Lair  
  48  4:00  Drone x3  
  51  4:06  Overlord  
  51  4:10  Drone x2  
  53  4:21  Overlord  
  53  4:23  Extractor, Drone x2  
  54  4:25  Extractor, Drone x3  
  54  4:26  Drone x3  
  54  4:27  Overlord  
  54  4:29  Queen  
  61  4:37  Baneling Nest  
  60  4:40  Drone  
  60  4:44  Roach x3  
  67  4:48  Overlord  
  67  4:50  Drone  
  67  4:51  Drone, Extractor  
  68  4:53  Drone  
  68  4:54  Drone  
  68  4:56  Drone x2  
  68  4:58  Overlord  
  68  4:59  Drone  
  73  5:01  Overlord  
  73  5:03  Drone x2  
  73  5:06  Glial Reconstitution  
  75  5:09  Roach x2  
  75  5:12  Overlord  
  79  5:21  Centrifical Hooks  
  79  5:24  Zergling x4  
  79  5:28  Zergling x8  
  84  5:30  Hatchery  
  84  5:32  Ravager  
  85  5:37  Roach  
  85  5:38  Roach x3  
  93  5:43  Overlord  
  93  5:44  Overlord x2  
  88  5:52  Roach  
  88  5:53  Roach x4  
  88  5:54  Queen  
  91  6:00  Drone  
  91  6:01  Drone x3  
  94  6:05  Zergling x6  
  97  6:12  Roach  
  97  6:13  Roach x3  
  97  6:17  Roach x2  
  109  6:19  Zergling x2  
  109  6:25  Roach  
  112  6:27  Extractor  
  112  6:28  Extractor  
  112  6:29  Overlord  
  112  6:31  Drone  
  112  6:32  Drone  
  112  6:34  Evolution Chamber, Drone x3  
  112  6:36  Evolution Chamber, Drone x2  
  112  6:37  Drone  
  116  6:42  Roach x2  
  120  6:47  Overseer  
  120  6:53  Ravager x4  
  125  6:54  Ravager  
  125  6:57  Drone x3  
  125  6:58  Drone x3  
  131  7:08  Roach  
  131  7:09  Roach x8  
  149  7:18  Roach x2  
  150  7:23  Roach x2  
  148  7:31  Overlord  
  148  7:32  Overlord x6  
  148  7:47  Overlord  
  148  7:48  Overlord x2  
  142  7:54  Roach  
  142  7:55  Roach x6  
  139  8:00  Roach  
  139  8:01  Roach x2  
  127  8:08  Zergling x4  
  127  8:11  Drone x2  
  107  8:20  Roach x2  
  101  8:27  Extractor x2  
  101  8:29  Zergling x4  
  101  8:34  Roach x2  
  86  8:40  Drone  
  83  8:49  Roach x2  
  83  8:51  Lair  
  87  8:58  Hatchery  
  87  9:02  Hatchery  
  85  9:03  Roach x3  
  86  9:31  Zergling x12  
  86  9:32  Zergling x2  
  90  9:45  Drone  
  90  9:46  Drone  
  90  9:47  Drone x2  
  90  9:51  Zergling x6  
  97  9:55  Zerg Melee Weapons Level 1  
  97  9:56  Zerg Ground Armor Level 1  
  97  10:06  Zergling x6  
  99  10:08  Queen  
  99  10:14  Roach x2  
  103  10:21  Zergling x12  
  104  10:25  Zergling x4  
  111  10:30  Baneling x8  
  111  10:31  Roach  
  111  10:32  Roach  
  111  10:34  Ravager x5  
  111  10:35  Ravager  
  121  10:39  Roach x3  
  117  10:52  Roach x4  
  104  11:00  Roach x2  
  87  11:19  Roach x4  
  78  11:34  Zergling x8  
  82  11:41  Roach  
  82  11:42  Roach  
  86  11:49  Zergling x4  
  87  11:55  Drone x2  
  89  12:03  Roach  
  89  12:05  Zergling x2  
  92  12:10  Ravager x3  
  95  12:19  Drone  
  95  12:20  Drone x2  
  91  12:23  Baneling x2  
  91  12:27  Zergling x2  
  84  12:40  Drone x3  
  85  12:46  Drone  
  85  12:47  Drone  
  87  12:54  Drone x2  
  86  12:59  Drone x2  
  88  13:10  Drone x4  
  91  13:27  Drone x2  
  91  13:28  Spawning Pool  
  92  13:51  Drone x2  
  92  13:53  Extractor  
  92  13:55  Extractor  
  92  14:10  Drone x3  
  92  14:11  Drone x3  
  98  14:26  Drone x2  
  98  14:27  Drone x4  
  98  14:30  Queen  
  108  14:39  Lair  
  108  14:41  Roach Warren  
  103  14:48  Zergling x2  
  103  14:49  Zergling x8  
  108  14:56  Zergling x6  
  111  15:12  Zergling x2  
  111  15:13  Zergling x6  
  115  15:19  Drone x2  
  115  15:20  Queen  
  111  15:32  Zergling x2  
  111  15:33  Zergling x6  
  104  15:40  Drone x2  
  96  16:02  Roach x4  
  97  16:07  Hatchery  
  96  16:15  Spire  
  95  16:22  Hatchery  
  94  16:33  Zergling x6  
  97  16:46  Zergling x2  
Tags
 
Add a new tag
Caveats
  • Supply blocks, unpowered buildings, or Contaminate may cause inaccurate times.
  • Supply counts are checked every 10 seconds.